 Dungeon Crawl Stone Soup version 0.29.0-5-ge4962eb29e (webtiles) character file.

Game seed: 7950037018477593649

5093 LynnLen the Covert (level 10, 0/51 HPs)
             Began as a Spriggan Enchanter on Aug 29, 2022.
             Was an Initiate of Nemelex Xobeh.
             Slain by a manticore (4 damage)
             ... on level 7 of the Dungeon.
             The game lasted 00:30:31 (6915 turns).

LynnLen the Covert (Spriggan Enchanter)             Turns: 6915, Time: 00:30:31

Health: 0/51       AC:  7    Str:  4    XL:     10   Next: 32%
Magic:  18/22      EV: 17    Int: 20    God:    Nemelex Xobeh [......]
Gold:   273        SH:  0    Dex: 17    Spells: 10/23 levels left

rFire   . . .      SeeInvis +   i - +4 dagger (venom)
rCold   . . .      Faith    .   (no shield)
rNeg    . . .      Spirit   .   b - +2 robe
rPois   .          Reflect  .   (helmet restricted)
rElec   .          Harm     .   p - +2 cloak
rCorr   .          Rampage  .   (gloves unavailable)
Will    +....                   (boots unavailable)
Stlth   +++++.....              d - amulet of regeneration
HPRegen 0.97/turn               o - +4 ring of slaying
MPRegen 0.18/turn               (no ring)

@: very quick
A: very small, no large weapons, unfitting armour, see invisible, speed 3
a: Renounce Religion, Draw Escape, Draw Destruction, Draw Summoning


You were on level 7 of the Dungeon.
You worshipped Nemelex Xobeh.
Nemelex Xobeh was noncommittal.
You visited 2 branches of the dungeon, and saw 9 of its levels.

You collected 273 gold pieces.

Inventory:

Hand Weapons
 i - a +4 dagger of venom (weapon)
 z - the +8 quarterstaff "Geawk" {vorpal, Will+ rCorr Stlth+}
   (You found it on level 7 of the Dungeon)

   It inflicts extra damage upon your enemies.
   rCorr:     It protects you from acid and corrosion.
   Will:      It increases your willpower.
   Stlth:     It makes you more stealthy.
Armour
 b - a +2 robe (worn)
 p - a +2 cloak (worn)
Jewellery
 d - an amulet of regeneration (around neck)
 o - a +4 ring of slaying (left hand)
 r - an amulet of magic regeneration
 v - a ring of poison resistance
 w - a +6 ring of dexterity
 C - a ring of positive energy
Wands
 y - a wand of mindburst (12)
Scrolls
 e - 5 scrolls of teleportation
 l - a scroll of brand weapon {unknown}
 n - a scroll of poison
 u - 2 scrolls of summoning {unknown}
 x - a scroll of immolation {unknown}
 A - 3 scrolls of fog {unknown}
 D - a scroll of noise {unknown}
Potions
 a - a potion of mutation
 c - a potion of invisibility
 h - 4 potions of might
 k - a potion of attraction
 q - 2 potions of cancellation
 s - a potion of ambrosia
 t - 5 potions of flight
 B - a potion of degeneration


   Skills:
 + Level 4.7 Fighting
 + Level 4.6 Short Blades
 - Level 2.6 Dodging
 + Level 10.1 Stealth
 + Level 7.4 Spellcasting
 + Level 7.8 Hexes
 + Level 4.5 Ice Magic
 + Level 3.9 Air Magic
 + Level 4.2 Poison Magic
 + Level 2.7 Invocations


You had 10 spell levels left.
You knew the following spells:

 Your Spells              Type           Power      Damage    Failure   Level
a - Ensorcelled Hibernat  Hex/Ice        64%        N/A       1%          2
b - Confusing Touch       Hex            38%        N/A       1%          3
c - Tukima's Dance        Hex            38%        N/A       1%          3
d - Poisonous Vapours     Pois/Air       46%        N/A       2%          2
e - Gell's Gravitas       Tloc           7%         N/A       26%         3

Your spell library contained the following spells:

 Spells                   Type           Power      Damage    Failure   Level
 Frozen Ramparts          Ice            50%        1d8       4%          3
 Dazzling Flash           Conj/Hex       46%        N/A       5%          3
 Beastly Appendage        Tmut           14%        N/A       9%          1
 Spider Form              Tmut/Pois      15%        N/A       12%         3
 Wereblood                Tmut           7%         N/A       14%         2
 Lesser Beckoning         Tloc           7%         N/A       26%         3
 Teleport Other           Tloc           7%         N/A       26%         3
 Corpse Rot               Necr/Pois/Air  18%        N/A       30%         4
 Ice Form                 Ice/Tmut       16%        N/A       34%         4
 Summon Ice Beast         Ice/Summ       16%        N/A       34%         4
 Iskenderun's Mystic Bla  Conj/Tloc      7%         2d4       65%         4
 Dispersal                Tloc           3%         N/A       100%        6
 Starburst                Conj/Fire      3%         6d3       100%        6


Dungeon Overview and Level Annotations

Branches:
Dungeon (8/15)             Temple (1/1) D:4
   Lair: D:8-11

Altars:
Ashenzari
Cheibriados
Dithmenos
Elyvilon
Fedhas
Kikubaaqudgha
Makhleb
Nemelex Xobeh
Okawaru
Qazlal
Ru
Sif Muna
Trog
Uskayaw
Vehumet
Wu Jian
The Shining One

Annotations:
D:5 1 runed translucent door, Crazy Yiuf


Innate Abilities, Weirdness & Mutations

You are very small and have problems with some larger weapons.
You are too small for most types of armour.
You have supernaturally acute eyesight. (SInv)
You cover ground extremely quickly. (Speed+++)


Message History

The manticore is moderately wounded.
You carefully extract the barbed spikes from your body.
The manticore bites you. The manticore claws you!
The manticore completely misses you.
You puncture the manticore!
The manticore looks as sick as possible!
You punch the manticore.
The manticore is heavily wounded.
The manticore bites you! The manticore barely misses you.
The manticore claws you!
* * * LOW HITPOINT WARNING * * *
You feel better. The manticore barely misses you. The manticore misses you.
The manticore claws you.
You feel better. The manticore closely misses you. The manticore misses you.
The manticore closely misses you.
You feel better.
The manticore bites you but does no damage.
The manticore claws you. The manticore completely misses you.
You hit the manticore but do no damage.
The manticore looks as sick as possible!
The manticore is heavily wounded.
The manticore bites you!! The manticore closely misses you.
The manticore claws you.
* * * LOW HITPOINT WARNING * * *
You closely miss the manticore.
The manticore is heavily wounded.
You hit the manticore.
The manticore looks as sick as possible!
The manticore is severely wounded.
The manticore bites you but does no damage.
The manticore completely misses you. The manticore claws you!
* * * LOW HITPOINT WARNING * * *
You feel better. The manticore bites you!
* * * LOW HITPOINT WARNING * * *
The manticore misses you. x2
You feel better. The manticore closely misses you. The manticore claws you!
* * * LOW HITPOINT WARNING * * *
The manticore claws you.
You die...
Your body disappears without a glow.

... ...# .....
#############..[..
................#
#...###.....###
#.............[.
#....H...#######
#..)@....#
#....[...#
####.....# #.....#
#.....# ####..#
##.)## #..## # #
#รท## #.#


You could see a manticore (extremely poisoned).

Vanquished Creatures
  2 two-headed ogres
  Pikel (D:4)
  A cyclops (D:7)
  A manticore (D:7)
  A slime creature (D:7)
  A wraith (D:7)
  Edmund (D:4)
  A steam dragon (D:6)
  Menkaure (D:7)
  A water moccasin (D:7)
  Duvessa (D:4)
  2 sky beasts
  2 black bears (D:6)
  An ice beast (D:6)
  2 ogres (D:5)
  A phantom (D:7)
  A bullfrog (D:7)
  2 necrophages
  3 scorpions
  Dowan (D:4)
  A howler monkey (D:5)
  4 hounds
  A gnoll bouda (D:6)
  2 jellies (D:4)
  An orc priest (D:4)
  4 iguanas (D:5)
  3 orc wizards (D:7)
  7 gnolls
  9 adders
  A white imp (D:7)
  2 ufetubi
  3 worms
  4 dart slugs
  11 orcs
  6 ball pythons
  4 endoplasms
  2 giant cockroaches (D:1)
  6 goblins
  7 hobgoblins
  7 jackals
  6 kobolds
  2 quokkas (D:2)
  4 bats
  2 frilled lizards
  8 rats
134 creatures vanquished.

Vanquished Creatures (collateral kills)
  A jackal (D:5)
1 creature vanquished.

Vanquished Creatures (others)
  3 dancing weapons
  A human (D:7)
  A fungus (D:5)
5 creatures vanquished.

Grand Total: 140 creatures vanquished

Notes
Turn   | Place    | Note
-------+----------+-------------------------------------------
     0 | D:1      | LynnLen the Spriggan Enchanter began the quest for the Orb.
     0 | D:1      | Reached XP level 1. HP: 9/9 MP: 5/5
   244 | D:1      | Reached XP level 2. HP: 14/14 MP: 7/7
   261 | D:1      | Learned a level 2 spell: Ensorcelled Hibernation
   520 | D:1      | Found a faded altar of an unknown god.
  1072 | D:2      | Reached XP level 3. HP: 17/17 MP: 3/8
  1177 | D:2      | Found a burning altar of Makhleb.
  1235 | D:2      | Reached skill level 5 in Stealth
  1408 | D:2      | Reached skill level 1 in Fighting
  1740 | D:3      | Reached skill level 1 in Ice Magic
  1838 | D:3      | Reached XP level 4. HP: 22/22 MP: 10/10
  1858 | D:3      | Learned a level 3 spell: Confusing Touch
  1862 | D:3      | Learned a level 3 spell: Tukima's Dance
  1985 | D:3      | Found an ornate altar of the Wu Jian Council.
  2610 | D:4      | Noticed Edmund
  2619 | D:4      | Killed Edmund
  2620 | D:4      | Reached XP level 5. HP: 19/26 MP: 6/12
  2720 | D:4      | Noticed a lemure
  2759 | D:4      | Reached skill level 6 in Stealth
  2800 | D:4      | Noticed a lemure
  2801 | D:4      | Noticed a lemure
  2827 | D:4      | Noticed Pikel
  2830 | D:4      | Noticed a lemure
  3038 | D:4      | Reached XP level 6. HP: 30/30 MP: 13/13
  3073 | D:4      | Found a staircase to the Ecumenical Temple.
  3129 | D:4      | Killed Pikel
  3130 | D:4      | Reached skill level 7 in Stealth
  3130 | D:4      | Reached skill level 5 in Spellcasting
  3130 | D:4      | Reached skill level 5 in Hexes
  3130 | D:4      | Reached XP level 7. HP: 29/35 MP: 3/15
  3133 | D:4      | Learned a level 2 spell: Poisonous Vapours
  3324 | Temple   | Entered the Ecumenical Temple
  3324 | Temple   | Found a transporter.
  3324 | Temple   | Found a transporter.
  3326 | Temple   | Found a transporter.
  3326 | Temple   | Found a transporter.
  3422 | D:4      | Found a shimmering blue altar of Sif Muna.
  3422 | D:4      | Found a broken altar of Ashenzari.
  3424 | D:4      | Found a blossoming altar of Fedhas.
  3424 | D:4      | Found a bloodstained altar of Trog.
  3467 | D:4      | Noticed Duvessa
  3480 | D:4      | Noticed Dowan
  3508 | D:4      | Killed Duvessa
  3511 | D:4      | Killed Dowan
  3512 | D:4      | Reached skill level 1 in Poison Magic
  3628 | D:5      | Entered Level 5 of the Dungeon
  3658 | D:5      | Reached skill level 1 in Air Magic
  3703 | D:5      | Reached XP level 8. HP: 40/40 MP: 12/17
  3769 | D:5      | Found a runed translucent door.
  3770 | D:5      | Noticed Crazy Yiuf
  3812 | D:5      | You fall into a shaft and drop 3 floors!
  3967 | D:8      | Found a white marble altar of Elyvilon.
  4124 | D:7      | Noticed Menkaure
  4126 | D:7      | Found an ancient bone altar of Kikubaaqudgha.
  4128 | D:7      | Identified the +8 quarterstaff "Geawk" {vorpal, Will+ rCorr
                  | Stlth+}
  4147 | D:7      | Killed Menkaure
  4148 | D:7      | Reached skill level 8 in Stealth
  5283 | D:6      | Learned a level 3 spell: Gell's Gravitas
  5512 | D:6      | Found a snail-covered altar of Cheibriados.
  5552 | D:6      | Found a hide-covered altar of Uskayaw.
  5558 | D:6      | Reached XP level 9. HP: 45/45 MP: 19/19
  5772 | D:6      | Reached skill level 9 in Stealth
  5788 | D:6      | Found a sparkling altar of Nemelex Xobeh.
  5805 | D:6      | Became a worshipper of Nemelex Xobeh the Trickster
  5930 | D:7      | Noticed a manticore
  6283 | D:7      | Reached skill level 1 in Invocations
  6292 | D:7      | Noticed a cyclops
  6461 | D:7      | Killed a manticore
  6475 | D:7      | Killed a cyclops
  6506 | D:7      | Noticed a two-headed ogre
  6511 | D:7      | Identified the +1 quarterstaff "Wacw" {vorpal, +Blink
                  | Stlth+}
  6525 | D:7      | Reached XP level 10. HP: 51/51 MP: 14/21
  6576 | D:7      | Killed a two-headed ogre
  6580 | D:7      | Noticed a manticore
  6687 | D:7      | Noticed a two-headed ogre
  6762 | D:6      | Killed a two-headed ogre
  6763 | D:6      | Reached skill level 10 in Stealth
  6913 | D:7      | HP: 2/51 [manticore (11)]
  6915 | D:7      | Slain by a manticore

Illustrated notes

Levels and vault maps discovered:
D:1:      saegor_arrival_miasma, layout_basic,
          hellmonk_ecumenical_altar_run_dry, minmay_misc_feat_secret_circle,
          kennysheep_pointless_box, minmay_misc_feat_ornament,
          chequers_serial_rivers_micro_d
D:2:      layout_rooms, basic_altar
D:3:      layout_loops_ring, nzn_wu_jian_council_hall
D:4:      layout_rooms, mainiacjoe_overflow_alcove_3,
          minmay_temple_entry_proselytizer, uniq_edmund, uniq_duvessa,
          uniq_pikel
D:5:      layout_loops_ring, cheibrodos_sewer_entry_sluice,
          minmay_tree_intersection, uniq_crazy_yiuf_cottage
D:6:      layout_rooms, mainiacjoe_overflow_24_doors,
          mainiacjoe_overflow_brackets, chei_slow_surprise
D:7:      minmay_the_grid_octo_tiled_squarecenter
          [minmay_the_grid_octo_tetromino_candy,
          minmay_the_grid_octo_fan_narrow, minmay_the_grid_octo_teeth,
          minmay_the_grid_octo_clover,
          minmay_the_grid_square_5x5_megaprize_diamond,
          minmay_the_grid_square_5x5_two, minmay_the_grid_square_5x5_three,
          minmay_the_grid_square_5x5_tie,
          minmay_the_grid_square_5x5_intrusive_squares], layout_basic,
          tgw_kikubaaqudgha, lemuel_tele_altar, uniq_menkaure
D:8:      layout_basic, mainiacjoe_overflow_alcove_1,
          nicolae_overflow_crystal_walls, serial_shops, nicolae_stop_n_shop_2
Temple:   hellmonk_temple_divided_pantheon

Skill      XL: |  1  2  3  4  5  6  7  8  9 10 |
---------------+-------------------------------+-----
Spellcasting   | 3 4 5 6 7 |  7.4
Hexes          | 4 5 6 7 |  7.8
Stealth        | 5 6 7 8 9 10 | 10.1
Fighting       | 1 2 3 4 |  4.7
Ice Magic      | 1 2 3 4 |  4.5
Poison Magic   | 1 2 3 4 |  4.2
Air Magic      | 1 2 3 |  3.9
Short Blades   | 2 4 |  4.6
Invocations    | 2 |  2.7
Dodging        | |  2.6

Action                   |  1- 3 |  4- 6 |  7- 9 | 10-12 || total
-------------------------+-------+-------+-------+-------++-------
Melee: Dagger            |   100 |    37 |   170 |     9 ||   316
       Punch             |       |       |     3 |     1 ||     4
       Quarterstaff      |       |       |     3 |       ||     3
 Cast: Ensorcelled Hiber |    22 |    22 |    38 |       ||    82
       Confusing Touch   |       |     1 |    13 |       ||    14
       Tukima's Dance    |       |       |     5 |     6 ||    11
       Poisonous Vapours |       |       |    18 |    15 ||    33
  Use: Scroll            |     5 |     2 |     8 |     4 ||    19
       Potion            |       |       |     3 |     5 ||     8
 Stab: Sleeping          |    21 |    17 |    37 |       ||    75
       Confused          |       |     1 |     7 |       ||     8
Armor: Robe              |     9 |     6 |    10 |     4 ||    29
Dodge: Dodged            |    63 |    31 |   104 |    17 ||   215
